 Dungeon Crawl Stone Soup version 0.28-a0-1389-gc726bef33b (webtiles) character file.

Game seed: 6550943756196794263

157490 grumblor the Peltast (level 17, -3/88 HPs)
             Began as a Vine Stalker Fighter on Jan 3, 2022.
             Was a High Priest of Sif Muna.
             Killed by divine providence
             ... invoked by a meliai
              (9 damage)
             ... on level 3 of the Spider Nest.
             The game lasted 01:15:20 (26923 turns).

grumblor the Peltast (Vine Stalker Fighter)        Turns: 26923, Time: 01:15:21

Health: -3/88      AC: 27    Str: 26    XL:     17   Next: 69%
Magic:  0/42       EV: 15    Int:  8    God:    Sif Muna [*****.]
Gold:   2858       SH: 21    Dex: 15    Spells: 6/38 levels left

rFire   + + +      SeeInvis .   l - +1 broad axe (venom)
rCold   + + +      Faith    .   A - +2 kite shield {rC+}
rNeg    + . .      Spirit   +   D - +14 chain mail "Iqayh" {+Blink rF++ rC+}
rPois   +          Reflect  +   E - +0 helmet
rElec   +          Harm     .   y - scarf {rC+ rF+}
rCorr   +          Rampage  .   o - +0 pair of gloves
Will    ++...                   c - +2 pair of boots
Stlth   ..........              Q - amulet of reflection
HPRegen 1.04/turn               W - ring "Rulyum" {rC++ rCorr EV+4}
MPRegen 0.28/turn               J - ring "Togu" {rElec rPois rN+ MP+9 Stlth-}

@: corroded
A: fangs 3, regeneration 1, magic shield, antimagic bite, no potion heal 2
a: Renounce Religion, Evoke Blink, Channel Magic, Forget Spell, Divine Exegesis


You were on level 3 of the Spider Nest.
You worshipped Sif Muna.
Sif Muna was extremely pleased with you.
You visited 5 branches of the dungeon, and saw 27 of its levels.
You also visited: Ice Cave and Volcano.

You collected 3145 gold pieces.
You spent 287 gold pieces at shops.

Inventory:

Hand Weapons
 l - a +1 broad axe of venom (weapon)
 q - a +1 hand axe of electrocution
 s - a +2 war axe of flaming
 T - the +10 scimitar "Ruman" {vamp, Dex+3}
   (You found it on level 1 of the Orcish Mines)

   It occasionally heals its wielder for a portion of the damage dealt when it
   wounds a living foe.
   Dex:       It affects your dexterity (+3).
 Z - a +0 war axe
Missiles
 i - 182 poisoned darts (quivered)
 k - a throwing net
 x - 7 curare-tipped darts
 B - 3 boomerangs of dispersal
 G - 10 boomerangs
 K - 2 silver javelins
 R - 7 javelins
Armour
 c - a +2 pair of boots (worn)
 o - a +0 pair of gloves (worn)
 y - a scarf of resistance (worn)
 A - a +2 kite shield of cold resistance (worn)
 D - the +14 chain mail "Iqayh" (worn) {+Blink rF++ rC+}
   (You found it on level 8 of the Dungeon)

   rF:        It greatly protects you from fire.
   rC:        It protects you from cold.
   +Blink:    It lets you blink.
 E - a +0 helmet (worn)
Jewellery
 a - the ring of the Townfolk {Fly SInv}
   (You found it on level 13 of the Dungeon)

   [ring of see invisible]

   SInv:      It lets you see invisible.
   Fly:       It grants you flight.
 J - the ring "Togu" (right hand) {rElec rPois rN+ MP+9 Stlth-}
   (You found it in an ice cave)

   [ring of positive energy]

   rElec:     It insulates you from electricity.
   rPois:     It protects you from poison.
   rN:        It protects you from negative energy.
   MP:        It affects your magic capacity (+9).
   Stlth:     It makes you less stealthy.
 Q - an amulet of reflection (around neck)
 W - the ring "Rulyum" (left hand) {rC++ rCorr EV+4}
   (You acquired it on level 12 of the Dungeon)

   [ring of evasion]

   EV:        It affects your evasion (+4).
   rC:        It greatly protects you from cold.
   rCorr:     It protects you from acid and corrosion.
Wands
 b - a wand of polymorph (21)
 g - a wand of flame (54)
 j - a wand of charming (19)
 p - a wand of acid (14)
 w - a wand of iceblast (34)
 O - a wand of paralysis (4)
 P - a wand of mindburst (1)
 S - a wand of digging (7)
Scrolls
 v - 3 scrolls of enchant armour
 F - 9 scrolls of teleportation
 I - a scroll of fear
 M - a scroll of brand weapon
 N - 3 scrolls of fog
 U - 7 scrolls of identify
 V - 2 scrolls of enchant weapon
 X - 4 scrolls of immolation
Potions
 d - 5 potions of might
 e - a potion of cancellation
 f - 8 potions of curing
 h - 4 potions of lignification
 m - a potion of invisibility
 r - a potion of haste
 t - 6 potions of flight
 u - 5 potions of magic
 z - 4 potions of mutation
 C - 4 potions of resistance
 L - 3 potions of berserk rage
Miscellaneous
 H - a lightning rod (4/4)


   Skills:
 + Level 9.5 Fighting
 - Level 11.8 Axes
 - Level 4.0 Throwing
 + Level 8.6 Armour
 - Level 6.0 Dodging
 * Level 16.1 Shields
 * Level 11.3 Spellcasting
 * Level 10.7 Invocations
 - Level 8.0 Evocations


You had 6 spell levels left.
You knew the following spells:

 Your Spells              Type           Power      Damage    Failure   Level
a - Vampiric Draining     Necr           4%         2d6       91%         3
b - Airstrike             Air            2%         N/A       100%        4
c - Summon Lightning Spi  Summ/Air       4%         N/A       100%        4
d - Discord               Hex            2%         N/A       100%        8
e - Necromutation         Tmut/Necr      2%         N/A       100%        8
f - Silence               Hex/Air        2%         N/A       100%        5

Your spell library contained the following spells:

 Spells                   Type           Power      Damage    Failure   Level
 Animate Skeleton         Necr           8%         N/A       56%         1
 Beastly Appendage        Tmut           8%         N/A       56%         1
 Foxfire                  Conj/Fire      16%        2x1d4     56%         1
 Freeze                   Ice            16%        1d4       56%         1
 Pain                     Necr           16%        1d4       56%         1
 Sandblast                Erth           8%         2d5       56%         1
 Shock                    Conj/Air       16%        1d4       56%         1
 Slow                     Hex            16%        N/A       56%         1
 Call Imp                 Summ           4%         N/A       71%         2
 Corpse Rot               Necr/Air       8%         N/A       71%         2
 Ensorcelled Hibernation  Hex/Ice        8%         N/A       71%         2
 Passwall                 Tmut/Erth      3%         N/A       71%         2
 Static Discharge         Conj/Air       4%         N/A       71%         2
 Sublimation of Blood     Necr           4%         N/A       71%         2
 Wereblood                Tmut           4%         N/A       71%         2
 Confusing Touch          Hex            4%         N/A       91%         3
 Conjure Flame            Conj/Fire      4%         6-21      91%         3
 Dazzling Flash           Conj/Hex       8%         N/A       91%         3
 Frozen Ramparts          Ice            8%         1d2       91%         3
 Inner Flame              Hex/Fire       4%         N/A       91%         3
 Mephitic Cloud           Conj/Pois/Air  4%         N/A       91%         3
 Spider Form              Tmut/Pois      4%         N/A       91%         3
 Stone Arrow              Conj/Erth      8%         3d7       91%         3
 Swiftness                Air            4%         N/A       91%         3
 Animate Armour           Summ/Erth      8%         N/A       100%        4
 Animate Dead             Necr           2%         N/A       100%        4
 Dispel Undead            Necr           4%         3d7       100%        4
 Flame Wave               Conj/Fire      4%         2d4       100%        4
 Fulminant Prism          Conj/Hex       2%         3d6       100%        4
 Hailstorm                Conj/Ice       4%         3d4       100%        4
 Iskenderun's Mystic Bla  Conj/Tloc      4%         2d3       100%        4
 Olgreb's Toxic Radiance  Pois           4%         N/A       100%        4
 Sticky Flame             Conj/Fire      4%         2d3       100%        4
 Summon Ice Beast         Ice/Summ       4%         N/A       100%        4
 Agony                    Necr           4%         N/A       100%        5
 Excruciating Wounds      Necr           2%         N/A       100%        5
 Iskenderun's Battlesphe  Conj           4%         2d6       100%        5
 Lightning Bolt           Conj/Air       2%         1d13      100%        5
 Summon Forest            Summ/Tloc      2%         N/A       100%        5
 Summon Mana Viper        Hex/Summ       4%         N/A       100%        5
 Conjure Ball Lightning   Conj/Air       2%         3x3d6     100%        6
 Iron Shot                Conj/Erth      2%         9d2       100%        6
 Simulacrum               Ice/Necr       2%         N/A       100%        6
 Starburst                Conj/Fire      2%         6d3       100%        6
 Statue Form              Tmut/Erth      2%         N/A       100%        6
 Summon Cactus Giant      Summ           2%         N/A       100%        6
 Haunt                    Necr/Summ      2%         N/A       100%        7
 Monstrous Menagerie      Summ           2%         N/A       100%        7
 Ozocubu's Refrigeration  Ice            2%         4d5       100%        7
 Spellforged Servitor     Conj/Summ      2%         N/A       100%        7
 Summon Hydra             Summ           2%         N/A       100%        7
 Borgnjor's Revivificati  Necr           2%         N/A       100%        8
 Disjunction              Tloc           2%         N/A       100%        8
 Ignition                 Fire           2%         3d3       100%        8
 Infestation              Necr           2%         N/A       100%        8
 Lehudib's Crystal Spear  Conj/Erth      2%         10d2      100%        8
 Maxwell's Capacitive Co  Air            2%         ∞         100%        8
 Summon Horrible Things   Summ           2%         N/A       100%        8
 Chain Lightning          Conj/Air       2%         3d2       100%        9
 Death's Door             Necr           2%         N/A       100%        9
 Fire Storm               Conj/Fire      2%         8d1       100%        9
 Shatter                  Erth           2%         3d6*      100%        9


Dungeon Overview and Level Annotations

Branches:
Dungeon (15/15) Temple (1/1) D:6 Lair (6/6) D:8 Snake (0/4) Lair:4 Spider (3/4) Lair:3 Slime (0/5) Lair:5 Orc (2/2) D:9 Elf (0/3) Orc:2 Vaults (0/5) D:13 D:14 Depths (0/4) D:15 IceCv (visited) Volcano (visited)

Altars:
Ashenzari
Cheibriados
Dithmenos
Elyvilon
Fedhas
Gozag
Hepliaklqana
Kikubaaqudgha
Makhleb
Nemelex Xobeh
Okawaru
Qazlal
Ru
Sif Muna
Trog
Uskayaw
Vehumet
Wu Jian
Xom
Yredelemnul
Zin
The Shining One
Beogh

Shops:
D:3 (   D:9 (   D:14 (   Orc:2 !?!(:


Innate Abilities, Weirdness & Mutations

You have razor-sharp teeth.
Your natural rate of healing is unusually fast.
When hurt, damage is shared between your health and your magic reserves.
Your bite disrupts and absorbs the magic of your enemies.
Potions cannot restore your health.


Message History

Unknown command.
The meliai hits you but does no damage. You block the meliai's attack.
The tarantella is healed somewhat.
You block the meliai's attack. The meliai closely misses you.
The pharaoh ant bites you but does no damage.
You feel stable enough to blink again.
The meliai invokes the aid of its god against you.
Something smites you!
* * * LOW HITPOINT WARNING * * *
You block the pharaoh ant's attack.
The tarantella's wounds heal themselves!
The meliai calls upon its god to heal the meliai.
The meliai is healed somewhat.
The meliai mumbles some strange prayers to its god against you.
Something smites you!
* * * LOW HITPOINT WARNING * * *
Unknown command.
You feel less invigorated. You block the pharaoh ant's attack.
You block the meliai's attack.
The meliai stings you but does no damage.
The broodmother summons spiders!
You block the pharaoh ant's attack.
The meliai mumbles some strange prayers to its god against you.
Something smites you!
* * * LOW HITPOINT WARNING * * *
The meliai mumbles some strange prayers to its god against you.
Something smites you!
* * * LOW HITPOINT WARNING * * *
The demonic crawler shrieks in warning!
You block the meliai's attack.
The meliai stings you but does no damage.
The meliai mumbles some strange prayers to its god against you.
Something smites you!
* * * LOW HITPOINT WARNING * * *
Okay, then.
Blink to where?
Press: ? - help, Dir - move target
As you read the scroll of blinking, it crumbles to dust.
The meliai invokes the aid of its god against you.
Something smites you!
You die...

..# #.......# ..#
##...##.^^...# ..#
#.).^#.......#
#.†####....#....
##.=.#.....# ..^
##..##....# ##
##^.####..##
#....###... #)..@.#
####^.####
##...#..##
#...^....#
#.......^#
#.......^## .
##.......^## ##...
#..yy..s..###.....^
##..§B#.^§.s.....#


You could see a tarantella (summoned, poisoned) and 2 meliai.

Vanquished Creatures
  Rupert (D:13)
  Agnes (Spider:1)
  An orc warlord (D:9)
  2 ghost moths
  A broodmother (Spider:2)
  Nessos (D:14)
  2 spark wasps
  2 entropy weavers (Spider:3)
  A red draconian (Volcano)
  A fire dragon (D:15)
  Josephine (Orc:1)
  An ettin (Orc:2)
  15 hydras
  An ogre mage (D:15)
  An ice dragon (D:15)
  4 catoblepae
  A radroach (Spider:1)
  3 boulder beetles
  A jorogumo (Spider:2)
  8 centaur warriors
  The ghost of Clumpoid the Cleaver, a novice DDMo of Makhleb (D:8)
  3 death knights
  14 two-headed ogres
  3 tengu warriors
  A deep troll shaman (Lair:6)
  4 orc high priests
  10 death yaks
  Urug (D:14)
  2 deep elf knights
  2 pharaoh ants
  3 steelbarb worms
  12 skeletal warriors
  An orb spider (Spider:2)
  2 deep elf archers
  2 phantasmal warriors (D:13)
  2 lindwurms (Lair:6)
  An orange crystal statue (D:10)
  5 deep elf pyromancers
  7 orc knights
  A necromancer (IceCv)
  10 cyclopes
  5 orc sorcerers
  12 wolf spiders
  3 manticores
  8 ugly things
  3 salamanders (Volcano)
  A moth of wrath (Spider:2)
  3 black mambas
  An ice statue (IceCv)
  A guardian serpent (shapeshifter) (D:11)
  5 elephants
  5 molten gargoyles (Volcano)
  2 torpor snails
  An eye of devastation (Lair:5)
  3 gargoyles (Volcano)
  11 cane toads
  13 komodo dragons
  4 rime drakes
  A kobold demonologist (D:11)
  14 freezing wraiths
  2 demonic crawlers
  2 efreet
  10 ice devils (IceCv)
  2 unseen horrors
  3 tengu conjurers
  An entropy weaver simulacrum (IceCv)
  9 meliai
  8 trolls
  A hornet (D:10)
  A polar bear (Lair:6)
  Grinder (D:4)
  9 blink frogs
  15 tarantellas
  14 slime creatures
  A centaur simulacrum (D:11)
  17 jumping spiders
  A jumping spider (shapeshifter) (D:13)
  6 culicivoras
  A shadow (D:11)
  A ynoxinul (D:8)
  A spriggan (shapeshifter) (D:13)
  9 wyverns
  4 dire elephant simulacra (IceCv)
  16 humans
  35 yaks
  8 wraiths
  Grum (D:8)
  21 redbacks
  6 basilisks
  6 vampire mosquitoes
  Menkaure (D:4)
  3 death yak simulacra (IceCv)
  A naga (Lair:4)
  5 wargs
  14 water moccasins
  A floating eye (Lair:5)
  22 orc warriors
  An ice beast (D:5)
  3 sky beasts
  4 black bears
  8 ogres
  17 wolves
  5 centaurs
  3 phantoms (D:6)
  4 kobold brigands
  17 bullfrogs
  A gnoll sergeant (D:11)
  A two-headed ogre simulacrum (IceCv)
  4 cane toad simulacra (IceCv)
  4 scorpions
  2 water moccasin skeletons
  5 elephant simulacra (IceCv)
  4 killer bees
  3 electric eels
  6 howler monkeys
  5 centaur zombies
  2 hounds (D:6)
  A lava snake (Orc:1)
  17 orc priests
  A bullfrog skeleton (D:7)
  A centaur skeleton (D:4)
  A gnoll shaman (D:7)
  Ijyb (D:4)
  2 iguanas
  24 orc wizards
  2 polar bear simulacra (IceCv)
  2 spriggan simulacra (IceCv)
  6 wolf simulacra (IceCv)
  A hound zombie (D:5)
  2 hound skeletons
  A howler monkey zombie (D:8)
  4 gnolls (D:7)
  A naga simulacrum (IceCv)
  8 adders
  2 white imps
  An ufetubus (IceCv)
  2 worms
  A dart slug (D:1)
  46 orcs
  7 ball pythons
  11 endoplasms
  10 giant cockroaches
  4 goblins
  7 hobgoblins
  3 quokkas
  5 bats
  4 frilled lizards
  16 kobolds
  8 rats
  A bush (D:8)
793 creatures vanquished.

Vanquished Creatures (collateral kills)
  A torpor snail (Spider:3)
  A tarantella (Spider:3)
2 creatures vanquished.

Vanquished Creatures (others)
  Arachne (Spider:1)
  A centaur zombie (D:11)
  A wolf (Lair:2)
  An orc priest (Orc:2)
  An orc (D:7)
  18 fungi
  39 plants
62 creatures vanquished.

Grand Total: 857 creatures vanquished

Notes
Turn   | Place    | Note
-------+----------+-------------------------------------------
     0 | D:1      | grumblor the Vine Stalker Fighter began the quest for the
                  | Orb.
     0 | D:1      | Reached XP level 1. HP: 11/11 MP: 2/2
    74 | D:1      | Reached XP level 2. HP: 16/16 MP: 3/3
   313 | D:1      | Reached skill level 3 in Shields
   478 | D:1      | Found a faded altar of an unknown god.
   619 | D:1      | Reached XP level 3. HP: 17/19 MP: 4/4
  1234 | D:2      | Gained mutation: Your natural rate of healing is unusually
                  | fast. [Vine Stalker growth]
  1234 | D:2      | Reached XP level 4. HP: 23/23 MP: 6/6
  1241 | D:2      | Reached skill level 1 in Spellcasting
  2057 | D:3      | Reached skill level 1 in Dodging
  2209 | D:3      | Found a burning altar of Makhleb.
  2210 | D:3      | Found a glowing silver altar of Zin.
  2210 | D:3      | Noticed an angel
  2211 | D:3      | Noticed a green death
  2299 | D:3      | Found Yqoruaro's Weapon Emporium.
  2443 | D:3      | Found a white marble altar of Elyvilon.
  2628 | D:3      | Found a blossoming altar of Fedhas.
  2628 | D:3      | Found an ornate altar of the Wu Jian Council.
  2781 | D:4      | Noticed Menkaure
  2817 | D:4      | Reached XP level 5. HP: 27/28 MP: 7/7
  2973 | D:4      | Reached skill level 1 in Throwing
  2973 | D:4      | Reached XP level 6. HP: 9/32 MP: 0/9
  3007 | D:4      | Reached skill level 1 in Evocations
  3140 | D:4      | Noticed Ijyb
  3169 | D:4      | Killed Ijyb
  3459 | D:4      | Noticed Grinder
  3463 | D:4      | Paralysed by Grinder for 7 turns
  3480 | D:4      | Paralysed by Grinder for 3 turns
  3484 | D:4      | Killed Grinder
  3485 | D:4      | Reached XP level 7. HP: 24/36 MP: 5/11
  3770 | D:4      | Killed Menkaure
  3836 | D:3      | Bought a +0 broad axe of flaming for 101 gold pieces
  4039 | D:5      | Entered Level 5 of the Dungeon
  4168 | D:5      | Reached skill level 4 in Shields
  4174 | D:5      | Gained mutation: You have razor-sharp teeth. [Vine Stalker
                  | growth]
  4174 | D:5      | Reached XP level 8. HP: 40/40 MP: 13/13
  4583 | D:5      | Found a hazy altar of Hepliaklqana.
  4821 | D:6      | Found a radiant altar of Vehumet.
  5007 | D:6      | Reached skill level 5 in Axes
  5007 | D:6      | Reached XP level 9. HP: 45/45 MP: 12/15
  5156 | D:6      | Learned a level 3 spell: Vampiric Draining
  5161 | D:6      | Learned a level 4 spell: Airstrike
  5166 | D:6      | Learned a level 4 spell: Summon Lightning Spire
  5451 | D:6      | Found a staircase to the Ecumenical Temple.
  5479 | Temple   | Entered the Ecumenical Temple
  5487 | Temple   | Became a worshipper of Sif Muna the Loreminder
  5614 | D:7      | Reached skill level 5 in Shields
  5652 | D:7      | Found a sacrificial altar of Ru.
  5811 | D:7      | Noticed a deep elf pyromancer
  5827 | D:7      | Killed a deep elf pyromancer
  5828 | D:7      | Reached skill level 1 in Invocations
  5931 | D:7      | Reached XP level 10. HP: 51/51 MP: 17/17
  6361 | D:8      | Found a runed translucent door.
  6401 | D:8      | Noticed Clumpoid's ghost (novice DDMo)
  6460 | D:8      | Found a staircase to the Lair.
  6461 | D:8      | Noticed Grum
  6494 | D:8      | Killed Grum
  6508 | D:8      | Reached * piety under Sif Muna
  6592 | D:8      | Reached skill level 5 in Spellcasting
  6648 | D:8      | Identified the +14 chain mail "Iqayh" {+Blink rF++ rC+}
  6776 | D:8      | Reached skill level 6 in Shields
  6887 | D:8      | Found a burning altar of Makhleb.
  6889 | D:8      | Found a radiant altar of Vehumet.
  6889 | D:8      | Found a hide-covered altar of Uskayaw.
  6891 | D:8      | Found a shadowy altar of Dithmenos.
  6891 | D:8      | Found a shimmering altar of Xom.
  6891 | D:8      | Found a shimmering blue altar of Sif Muna.
  6971 | D:8      | Killed Clumpoid's ghost
  6995 | D:8      | Got the Disquisition on the Mountains
  7034 | Lair:1   | Entered Level 1 of the Lair of Beasts
  7043 | Lair:1   | Reached skill level 5 in Armour
  7048 | Lair:1   | Found a frozen archway.
  7053 | IceCv    | Entered an ice cave
  7091 | IceCv    | Reached skill level 5 in Fighting
  7093 | IceCv    | Reached ** piety under Sif Muna
  7164 | IceCv    | Reached XP level 11. HP: 38/55 MP: 9/20
  7312 | IceCv    | Noticed a white ugly thing
  7322 | IceCv    | Killed a white ugly thing
  7477 | IceCv    | Noticed a white ugly thing
  7479 | IceCv    | Noticed a necromancer
  7562 | IceCv    | Killed a necromancer
  7566 | IceCv    | Reached skill level 7 in Shields
  7569 | IceCv    | Killed a white ugly thing
  7812 | IceCv    | Identified the ring "Togu" {rElec rPois rN+ MP+9 Stlth-}
  7917 | IceCv    | Reached skill level 5 in Invocations
  7963 | IceCv    | Found an ancient bone altar of Kikubaaqudgha.
  7994 | IceCv    | Reached *** piety under Sif Muna
  8248 | IceCv    | Reached XP level 12. HP: 54/60 MP: 23/23
  8410 | Lair:1   | Reached skill level 8 in Shields
  9496 | Lair:2   | Noticed a four-headed hydra
  9506 | Lair:2   | Killed a one-headed hydra
  9509 | Lair:2   | Found a dark tunnel.
  9516 | Volcano  | Entered a volcano
  9656 | Volcano  | Noticed a red draconian
  9706 | Volcano  | Killed a red draconian
  9707 | Volcano  | Reached skill level 10 in Axes
  9707 | Volcano  | Reached skill level 9 in Shields
  9756 | Volcano  | Noticed an orb of fire
  9801 | Volcano  | Noticed an orb of fire
  9827 | Volcano  | Reached XP level 13. HP: 45/65 MP: 25/25
  9841 | Volcano  | Reached **** piety under Sif Muna
 10670 | Lair:3   | Found a hole to the Spider Nest.
 10694 | Lair:3   | Reached skill level 5 in Evocations
 11886 | Lair:4   | Found a staircase to the Snake Pit.
 12087 | Lair:5   | Reached ***** piety under Sif Muna
 12177 | Lair:5   | Reached skill level 10 in Shields
 12193 | Lair:5   | Received a gift from Sif Muna
 12204 | Lair:5   | Reached XP level 14. HP: 21/72 MP: 11/27
 12741 | Lair:5   | Found a staircase to the Slime Pits.
 12745 | Lair:5   | Paralysed by a floating eye for 3 turns
 12749 | Lair:5   | Reached skill level 5 in Dodging
 13265 | Lair:6   | Entered Level 6 of the Lair of Beasts
 14566 | D:9      | Found a stormy altar of Qazlal.
 14703 | D:9      | Found Jieshium's Weapon Emporium.
 14755 | D:9      | Received a gift from Sif Muna
 14758 | D:9      | Got Sif Muna's Papyrus of Hurtful Feathers {god gift}
 14768 | D:9      | Learned a level 8 spell: Discord
 15251 | D:9      | Found a staircase to the Orcish Mines.
 15266 | Orc:1    | Entered Level 1 of the Orcish Mines
 15289 | Orc:1    | Reached skill level 11 in Shields
 15376 | Orc:1    | Noticed an orc warlord
 15506 | D:9      | Killed an orc warlord
 15565 | D:9      | Reached XP level 15. HP: 59/75 MP: 29/29
 15878 | Orc:1    | Identified the +10 scimitar "Ruman" {vamp, Dex+3}
 16037 | Orc:1    | Noticed Josephine
 16047 | Orc:1    | Killed Josephine
 16326 | Orc:2    | Entered Level 2 of the Orcish Mines
 16326 | Orc:2    | Found Lovvin's Distillery.
 16330 | Orc:2    | Bought a potion of curing for 48 gold pieces
 16330 | Orc:2    | Bought a potion of curing for 48 gold pieces
 16427 | Orc:2    | Found a staircase to the Elven Halls.
 16882 | Orc:2    | Found Icevei's Book Shoppe.
 17149 | Orc:2    | Found Ummer's Magic Scroll Shoppe.
 17175 | Orc:2    | Found Gudujeg's Weapon Shop.
 17175 | Orc:2    | Found Napnoqem's Distillery.
 17258 | Orc:2    | Bought a scroll of teleportation for 30 gold pieces
 17258 | Orc:2    | Bought a scroll of teleportation for 30 gold pieces
 17258 | Orc:2    | Bought a scroll of teleportation for 30 gold pieces
 17561 | D:10     | Entered Level 10 of the Dungeon
 17694 | D:10     | Found a broken altar of Ashenzari.
 17905 | D:10     | Reached skill level 12 in Shields
 18324 | D:11     | Received a gift from Sif Muna
 18393 | D:11     | Lost intelligence.
 18489 | D:11     | Reached skill level 10 in Spellcasting
 18625 | D:11     | Got Horriaci's Compendium of Twisted Flight {god gift}
 19367 | D:12     | Identified a scroll of acquirement
 19392 | D:12     | Acquired the ring "Rulyum" {rC++ rCorr EV+4}
 19460 | D:12     | Reached skill level 13 in Shields
 19673 | D:12     | Reached XP level 16. HP: 72/81 MP: 31/31
 20370 | D:13     | Received a gift from Sif Muna
 20396 | D:13     | Got Sif Muna's Volume of Doomed Attacks {god gift}
 20434 | D:13     | Identified the ring of the Townfolk {Fly SInv}
 21178 | D:14     | Noticed Rupert
 21178 | D:14     | Noticed Urug
 21178 | D:14     | Found a gate to the Vaults.
 21206 | D:13     | Killed Rupert
 21231 | D:14     | Reached skill level 14 in Shields
 21244 | D:14     | Killed Urug
 21557 | D:14     | Found a white marble altar of Elyvilon.
 21565 | D:14     | Found Duem's Weapon Boutique.
 21598 | D:14     | Noticed Nessos
 21608 | D:14     | Killed Nessos
 21942 | D:14     | Reached skill level 10 in Invocations
 22067 | D:15     | Entered Level 15 of the Dungeon
 22172 | D:15     | Found a staircase to the Depths.
 22384 | D:15     | Found a broken altar of Ashenzari.
 22629 | D:15     | Reached XP level 17. HP: 79/87 MP: 32/32
 22732 | D:15     | Reached skill level 15 in Shields
 23692 | Spider:1 | Entered Level 1 of the Spider Nest
 23896 | Spider:1 | Received a gift from Sif Muna
 23908 | Spider:1 | Got Sif Muna's Grimoire of the Seven Knives {god gift}
 23929 | Spider:1 | Learned a level 8 spell: Necromutation
 23935 | Spider:1 | Learned a level 5 spell: Silence
 24539 | Spider:2 | Noticed Arachne
 24960 | Spider:1 | Killed Arachne
 24976 | Spider:2 | Noticed Agnes
 24991 | Spider:1 | Killed Agnes
 25632 | Spider:2 | Received a gift from Sif Muna
 25633 | Spider:2 | Got Zareix's Compendium of Hurtful Companions {god gift}
 26304 | Spider:3 | Reached skill level 16 in Shields
 26921 | Spider:3 | HP: 4/88 [meliai/divine providence (7)]
 26923 | Spider:3 | Killed from afar by a meliai

Illustrated notes

Levels and vault maps discovered:
D:1:      roderic_octagonal_star, layout_basic,
          shapermc_ecumenical_altar_mp_ritualfount
D:2:      minmay_evil_eye, layout_loops_ring
D:3:      layout_basic, grunt_temple_overflow_order_and_chaos_2,
          lemuel_doored_altar, minitemple, serial_shops,
          nicolae_shop_advertising_works [nicolae_subvault_shop_adworks],
          minmay_misc_feat_four_crosses
D:4:      layout_basic, serial_co_window_serial, co_window_paths_a,
          co_window_paths_b, co_window_paths_b, co_window_paths_a,
          co_window_corner_a, co_window_broadway_a, co_window_unsneaky_path_e,
          co_window_broadway_b, co_window_unsneaky_path_e, glass_columns_a,
          glass_columns_c, uniq_ijyb, uniq_menkaure, uniq_grinder
D:5:      layout_rooms, mainiacjoe_overflow_alcove_4, st_stairs_14,
          nicolae_concentric_dashed_squares_mild, hangedman_decor_riveting
D:6:      layout_loops_ring, vehumet_altar_wand_db, temple_hall,
          kennysheep_generic_room_6
D:7:      minmay_recursive_quarters, layout_basic,
          nicolae_ru_great_annihilating_truth
D:8:      layout_cave_pools, doesnt_xom_only_xom, david_lair_generic,
          hellmonk_ghost_big_iron, uniq_grum
D:9:      layout_irregular_city, mainiacjoe_overflow_boulevard, david_orc_4,
          serial_shops, shop_fountains
D:10:     layout_roguey, old_standard_altar, minmay_tree_intersection,
          minivault_16
D:11:     minmay_the_grid_square_5x5_4x4_mashed
          [minmay_the_grid_square_5x5_intrusive_squares,
          minmay_the_grid_square_5x5_z,
          minmay_the_grid_square_5x5_almost_minimal,
          minmay_the_grid_square_5x5_longway,
          minmay_the_grid_square_5x5_tri_point,
          minmay_the_grid_square_5x5_prize_open,
          minmay_the_grid_square_5x5_prize_itemx,
          minmay_the_grid_square_5x5_dogpile, minmay_the_grid_square_5x5_c,
          minmay_the_grid_square_5x5_prize_snowflake,
          minmay_the_grid_square_5x5_prize_monsterx,
          minmay_the_grid_square_5x5_hollow_slash,
          minmay_the_grid_square_5x5_comb, minmay_the_grid_square_5x5_forky,
          minmay_the_grid_square_5x5_misaligned,
          minmay_the_grid_square_5x5_meh], layout_loops_ring,
          gauntlet_entry_generic, due_unseen_surprise
D:12:     kennysheep_green_arena, layout_loops_ring
D:13:     minmay_curly_fans, layout_loops_cross, beargit_elvish_explorers
D:14:     layout_loops_cross, david_vaults_3, serial_shops,
          nicolae_shop_temple_entry_statues_fountains, patterned_corridor,
          nicolae_elyvilon_peaceful_grove, uniq_nessos
D:15:     grunt_enter_depths_hoard, layout_irregular_city,
          nicolae_ashenzari_panopticon, hangedman_decor_clover_reticule,
          hangedman_decor_diamond_cutter
Temple:   minmay_freezing_vapour_temple
Lair:1:   layout_gridlike, portal_ice_cave_entry_pillars_2,
          chequers_serial_rivers_small_a, serial_bayou_lake_a,
          infiniplex_staircase_pool_2, serial_bayou_shore_b
Lair:2:   layout_hall_layers, nicolae_volcano_entry_lava_flow, st_stairs_4
Lair:3:   layout_long_grid, spider_nest_entry_rubble
Lair:4:   layout_big_grid, minmay_snake_entry_guardpost_small, minivault_27
Lair:5:   nzn_winding_woodlands_three_and_one
          [nzn_winding_woodlands_5x15_pockets, nzn_winding_woodlands_5x15_pool,
          nzn_winding_woodlands_5x15_sawtooth,
          nzn_winding_woodlands_center_lodge], layout_small_grid,
          minmay_slime_entry_eyes, serial_bayou_shore_a
Lair:6:   grunt_lair_end_beastmaster, layout_cave_pods, nicolae_lair_lindhole
Spider:1: layout_spider_delve
Spider:2: layout_chambers, uniq_arachne, uniq_agnes
Spider:3: layout_spider_delve
Orc:1:    layout_caves, nicolae_orc_lava_tube, elf_legates, uniq_josephine
Orc:2:    st_orc_elflike, layout_caves, serial_shops,
          nicolae_shop_hallway_stairs, nicolae_orc_stony_grotto, mines2_david

Skill      XL: |  1  2  3  4  5  6  7  8  9 10 11 12 13 14 15 16 17 |
---------------+----------------------------------------------------+-----
Shields        | 3 4 5 6 7 9 10 11 13 14 16 | 16.1
Axes           | 2 3 4 5 6 7 8 10 11 | 11.8
Spellcasting   | 1 2 3 4 5 6 7 8 9 10 11 | 11.3
Dodging        | 1 2 3 4 5 6 |  6.0
Fighting       | 3 4 5 6 7 8 9 |  9.5
Throwing       | 1 2 3 4 |  4.0
Armour         | 3 4 5 6 7 8 |  8.6
Evocations     | 1 2 3 4 5 6 7 8 |  8.0
Invocations    | 1 3 5 6 7 8 9 10 | 10.7

Action                   |  1- 3 |  4- 6 |  7- 9 | 10-12 | 13-15 | 16-18 || total
-------------------------+-------+-------+-------+-------+-------+-------++-------
Melee: War axe           |    82 |   115 |       |       |   450 |    83 ||   730
       Bite              |    14 |    51 |    77 |   263 |   548 |   468 ||  1421
       Hand axe          |       |    35 |   254 |   172 |   207 |   565 ||  1233
       Broad axe         |       |       |       |   451 |   534 |   334 ||  1319
       Scimitar          |       |       |       |       |    21 |    13 ||    34
Throw: Dart              |       |       |       |     3 |    33 |    21 ||    57
Invok: Channel Magic     |       |       |       |       |       |     3 ||     3
 Abil: Evoke Blink       |       |       |       |       |       |     4 ||     4
Evoke: Wand              |       |     6 |     3 |       |     3 |     4 ||    16
  Use: Scroll            |       |     7 |     8 |     8 |    11 |     3 ||    37
       Potion            |       |       |       |       |     1 |       ||     1
 Stab: Distracted        |       |       |     1 |       |       |     1 ||     2
       Paralysed         |       |       |     1 |       |       |       ||     1
       Petrified         |       |       |       |       |    19 |       ||    19
       Petrifying        |       |       |       |       |     1 |       ||     1
Armor: Scale mail        |    34 |    21 |       |       |       |       ||    55
       Chain mail        |       |    69 |   112 |   470 |   947 |   543 ||  2141
Dodge: Dodged            |    41 |    58 |    91 |   215 |   411 |   460 ||  1276
Block: Buckler           |    14 |    34 |    75 |    73 |       |       ||   196
       Kite shield       |       |       |       |   294 |  1273 |  1147 ||  2714
       Reflection        |       |       |       |       |    23 |    27 ||    50

Table legend: (Time is in decaauts)
 A = Elapsed time spent in this place.
 B = Non-inter-level travel time spent in this place.
 C = Inter-level travel time spent in this place.
 D = Time resting spent in this place.
 E = Time spent auto-exploring this place.
 F = Levels seen in this place.
 G = Mean time per level.
                   A        B        C        D        E       F      G
               +--------+--------+--------+--------+--------+-----+--------+
         Total |  27188 |  25316 |   1872 |   2173 |  16144 |  29 |  937.5 |
       Dungeon |  13906 |  12911 |    995 |    468 |   9099 |  15 |  927.1 |
        Temple |     13 |      8 |      5 |      0 |      0 |   1 |   13.0 |
          Lair |   6045 |   5387 |    658 |      0 |   3905 |   6 | 1007.5 |
   Spider Nest |   3203 |   3103 |    100 |    950 |   1492 |   3 | 1067.7 |
  Orcish Mines |   1857 |   1745 |    112 |    118 |   1132 |   2 |  928.5 |
      Ice Cave |   1297 |   1297 |      0 |    311 |    297 |   1 | 1297.0 |
       Volcano |    863 |    863 |      0 |    326 |    217 |   1 |  863.0 |
               +--------+--------+--------+--------+--------+-----+--------+

Top non-repeatable levels by time:
  Lair:5: 1378 daAuts
Spider:2: 1303 daAuts
   IceCv: 1297 daAuts
     D:4: 1290 daAuts
     D:9: 1249 daAuts
  Lair:6: 1243 daAuts
Spider:1: 1233 daAuts
     D:1: 1177 daAuts
    D:13: 1158 daAuts
   Orc:2: 1079 daAuts
  Lair:1: 1036 daAuts
    D:11: 1015 daAuts
    D:15: 922 daAuts
  Lair:3: 906 daAuts
 Volcano: 863 daAuts
